 Dungeon Crawl Stone Soup version 0.29-a0-25-g7f48f510a0 (webtiles) character file.

Game seed: 8652057402898929439

8 dolemite99 the Skirmisher (level 2, 0/19 HPs)
             Began as a Gargoyle Monk on Feb 1, 2022.
             Slain by a goblin (1 damage)
             ... on level 1 of the Dungeon.
             The game lasted 00:00:23 (90 turns).

dolemite99 the Skirmisher (Gargoyle Monk)             Turns: 90, Time: 00:00:23

Health: 0/19       AC:  4    Str: 14    XL:     2   Next: 8%
Magic:  2/2        EV: 12    Int: 10    God:
Gold:   0          SH:  0    Dex: 12    Spells: 1/1 levels left

rFire   . . .      SeeInvis .   a - +0 hand axe
rCold   . . .      Faith    .   (no shield)
rNeg    + . .      Spirit   .   b - +0 robe
rPois   ∞          Reflect  .   (no helmet)
rElec   +          Harm     .   (no cloak)
rCorr   .          Rampage  .   (no gloves)
Will    .....                   (no boots)
Stlth   ++........              (no amulet)
HPRegen 0.06/turn               (no ring)
MPRegen 0.08/turn               (no ring)

@: no status effects
A: sickness immunity, AC +2, negative energy resistance 1, electricity
resistance, torment resistance 1, petrification resistance
a: no special abilities


You were on level 1 of the Dungeon.
You visited 1 branch of the dungeon, and saw 1 of its levels.

Inventory:

Hand Weapons
 a - a +0 hand axe (weapon)
Missiles
 d - 8 sling bullets
Armour
 b - a +0 robe (worn)
Scrolls
 c - a scroll of identify {unknown}


   Skills:
 - Level 3.2 Fighting
 + Level 3.2 Axes
 - Level 2.4 Dodging
 - Level 2.1 Stealth


You had one spell level left.
You didn't know any spells.
Your spell library was empty.

Dungeon Overview and Level Annotations

Branches:
Dungeon (1/15)

Altars:


Innate Abilities, Weirdness & Mutations

You are immune to sickness and miasma.
Your stone body is resilient. (AC +2)
You are immune to poison.
You resist negative energy. (rN+)
You are resistant to electric shocks. (rElec)
You are resistant to unholy torment.
You are immune to petrification.


Message History

You hit the hobgoblin.
You kill the hobgoblin!
The bat closely misses you.
You have reached level 2!
You miss the bat. The bat barely misses you. The bat closely misses you.
You closely miss the bat. The bat hits you but does no damage.
The bat misses you. The bat closely misses you.
You miss the bat. The bat closely misses you.
The bat hits you but does no damage.
You see here a +0 club.
The bat barely misses you.
You hit the bat.
The bat is moderately wounded.
The bat hits you.
* * * LOW HITPOINT WARNING * * *
The bat closely misses you.
You barely miss the bat.
The bat is moderately wounded.
The bat barely misses you. The bat misses you. The bat barely misses you.
The bat hits you but does no damage.
A goblin comes into view. It is wielding a +0 dagger.
The bat hits you but does no damage.
A giant cockroach comes into view.
The helpless goblin fails to defend itself.
You hit the goblin.
The goblin is moderately wounded.
The bat closely misses you. The goblin hits you but does no damage.
The bat hits you but does no damage.
You closely miss the goblin.
The goblin is moderately wounded.
You hit the bat.
You kill the bat!
The goblin misses you.
You closely miss the goblin. Your punch misses the goblin.
The goblin is moderately wounded.
The goblin hits you with a +0 dagger.
* * * LOW HITPOINT WARNING * * *
The goblin hits you with a +0 dagger.
You die...

. ###. . #... .###
##..# .. ...# #..#
...##..####B##
#..?.#...g@..######
#....###†.......
########..##.#######
........#....####
#######g###.....####
###b###.###.)..#
.......b....b†..##.###.
............###.......#
.......####+###'###+##.


You could see a giant cockroach and a goblin.

Vanquished Creatures
  A ball python (D:1)
  3 bats (D:1)
  A giant cockroach (D:1)
  A goblin (D:1)
  A hobgoblin (D:1)
7 creatures vanquished.

Notes
Turn   | Place    | Note
-------+----------+-------------------------------------------
     0 | D:1      | dolemite99 the Gargoyle Monk began the quest for the Orb.
     0 | D:1      | Reached XP level 1. HP: 14/14 MP: 1/1
    75 | D:1      | Reached XP level 2. HP: 4/19 MP: 2/2
    90 | D:1      | Slain by a goblin

Illustrated notes

Levels and vault maps discovered:
D:1:      lightli_arrival_quake, layout_rooms, st_stairs_9

Skill      XL: |  1 |
---------------+----+-----
Axes           | 3 |  3.2
Fighting       | |  3.2
Dodging        | |  2.4
Stealth        | |  2.1

Action                   || total
-------------------------++-------
Melee: Hand axe          ||    33
 Stab: Sleeping          ||     1
Armor: Robe              ||    12
Dodge: Dodged            ||    40

Table legend: (Time is in decaauts)
 A = Elapsed time spent in this place.
 B = Non-inter-level travel time spent in this place.
 C = Inter-level travel time spent in this place.
 D = Time resting spent in this place.
 E = Time spent auto-exploring this place.
 F = Levels seen in this place.
 G = Mean time per level.
                   A        B        C        D        E       F      G
               +--------+--------+--------+--------+--------+-----+--------+
         Total |     94 |     94 |      0 |      0 |     19 |   1 |   94.0 |
       Dungeon |     94 |     94 |      0 |      0 |     19 |   1 |   94.0 |
               +--------+--------+--------+--------+--------+-----+--------+

Top non-repeatable levels by time:
     D:1: 94 daAuts
